 Dungeon Sprint DCSS version 0.17-a0-1714-g35622ae (webtiles) character file.

252 patman the Nimble (level 6, -1/52 HPs)
             Began as a Naga Assassin on Aug 23, 2015.
             Was a Believer of Cheibriados.
             Slain by a two-headed ogre
             ... wielding a +0 giant club
              (22 damage)
             ... in the Dungeon (Sprint IX: "|||||||||||||||||||||||||||||").
             The game lasted 00:01:24 (276 turns).

patman the Nimble (Naga Assassin)                    Turns: 276, Time: 00:01:24

Health: -1/52      AC:  7    Str: 18    XL:     6   Next: 14%
Magic:  1/6        EV: 19    Int: 17    God:    Cheibriados [**....]
Gold:   0          SH:  0    Dex: 22    Spells: 0 memorised, 5 levels left

rFire  . . .     SeeInvis +     a - +2 dagger
rCold  . . .     Clarity  .     c - +0 robe
rNeg   . . .     SustAt   .     (no shield)
rPois  +         Gourm    .     (no helmet)
rElec  .         Spirit   .     d - +0 cloak
rCorr  .         Warding  .     w - +0 pair of gloves
rMut   .         NoTele   +     (no barding)
MR     .....                    (no amulet)
Stlth  ++++......               u - +3 ring of dexterity
                                v - +2 ring of protection

@: very slightly contaminated, very slow, not resistant to hostile enchantments,
stealthy
A: see invisible, deformed body, poison resistance, slowness 2, slow metabolism
1, spit poison 2, AC +2
a: Spit Poison, Bend Time, Renounce Religion


You were in the Dungeon.
You worshipped Cheibriados.
Cheibriados was pleased with you.
You were not hungry.

You visited 1 branch

Inventory:

Hand weapons
 a - a +2 dagger (weapon)
 b - a +0 blowgun
 r - a +2 rapier of venom
Missiles
 e - 8 poisoned needles
 f - 2 curare-tipped needles
Armour
 c - a +0 robe (worn)
 d - a +0 cloak (worn)
 s - a +0 plate armour
 t - a +0 helmet
 w - a +0 pair of gloves (worn)
Jewellery
 u - a +3 ring of dexterity (right hand)
 v - a +2 ring of protection (left hand)
Magical devices
 q - a wand of cold (7)
Scrolls
 m - 2 scrolls of blinking
 o - 3 scrolls of remove curse
 p - 2 scrolls of amnesia
Potions
 h - 5 potions of curing
 j - a potion of haste
 k - 4 potions of magic
 l - a potion of berserk rage
 n - a potion of heal wounds
Comestibles
 g - a bread ration


   Skills:
 - Level 2.0 Fighting
 - Level 2.0 Short Blades
 - Level 1.7 Throwing
 + Level 10.2 Dodging
 - Level 5.8 Stealth


You had 5 spell levels left.
You didn't know any spells.

Dungeon Overview and Level Annotations

Branches:
Dungeon (1/1)

Altars:
Cheibriados
Dithmenos
Elyvilon
Fedhas
Gozag
Kikubaaqudgha
Makhleb
Nemelex Xobeh
Okawaru
Qazlal
Ru
Sif Muna
Trog
Vehumet
Xom
Yredelemnul
Zin
The Shining One
Beogh
Jiyva
Lugonu


Innate Abilities, Weirdness & Mutations

You cannot wear boots.
Your serpentine skin is tough (AC +2).
You have supernaturally acute eyesight.
Armour fits poorly on your strangely shaped body.
Your system is resistant to poisons.
You cover ground very slowly.
You have a slow metabolism.
You can spit poison.


Message History

Your Dodging skill gained 2 levels and is now at level 10!
You have reached level 6!
Your experience leads to an increase in your attributes!
Your base attributes are Str 13, Int 12, Dex 13.
Increase (S)trength, (I)ntelligence, or (D)exterity?
You feel agile.
Your skin feels tougher.
The phantom blinks!
The two-headed ogre completely misses you.
The two-headed ogre barely misses you. x2
The two-headed ogre completely misses you.
You hit the two-headed ogre.
The two-headed ogre is lightly wounded.
The two-headed ogre hits you with a giant club!!
The two-headed ogre completely misses you.
You hit the two-headed ogre.
The two-headed ogre is lightly wounded.
You hit the two-headed ogre.
The two-headed ogre is lightly wounded.
The two-headed ogre hits you with a giant club!!
You die...

▓)▓
▓.▓
▓.▓
▓.▓
▓.▓
▓.▓
▓W▓
▓†▓
▓@▓
▓O▓
▓.▓
▓.▓
▓.▓
▓+▓


You could see a phantom and a two-headed ogre.

Vanquished Creatures
  An eye of draining (D)
  A giant frog (D)
  A killer bee (D)
  A hound (D)
  A shadow imp (D)
  2 adder zombies (D)
  An adder skeleton (D)
  3 bats (D)
  A bat zombie (D)
  A hobgoblin (D)
  A goblin (D)
14 creatures vanquished.

Notes
Turn   | Place    | Note
--------------------------------------------------------------
     0 | D        | patman the Naga Assassin began the quest for the Orb.
     0 | D        | Reached XP level 1. HP: 19/19 MP: 1/1
     6 | D        | Reached skill level 1 in Dodging
    20 | D        | Reached XP level 2. HP: 20/26 MP: 2/2
    46 | D        | Reached XP level 3. HP: 14/32 MP: 3/3
    52 | D        | Found a glowing silver altar of Zin.
    52 | D        | Found a glowing golden altar of the Shining One.
    52 | D        | Found an ancient bone altar of Kikubaaqudgha.
    52 | D        | Found a basalt altar of Yredelemnul.
    52 | D        | Found a shimmering altar of Xom.
    52 | D        | Found a radiant altar of Vehumet.
    53 | D        | Found an iron altar of Okawaru.
    54 | D        | Found a burning altar of Makhleb.
    55 | D        | Found a deep blue altar of Sif Muna.
    56 | D        | Found a bloodstained altar of Trog.
    57 | D        | Found a sparkling altar of Nemelex Xobeh.
    58 | D        | Found a white marble altar of Elyvilon.
    59 | D        | Found a roughly hewn altar of Beogh.
    60 | D        | Found a viscous altar of Jiyva.
    61 | D        | Found a corrupted altar of Lugonu.
    62 | D        | Found a blossoming altar of Fedhas.
    63 | D        | Found a snail-covered altar of Cheibriados.
    64 | D        | Found a shadowy altar of Dithmenos.
    65 | D        | Found a stormy altar of Qazlal.
    66 | D        | Found an opulent altar of Gozag.
    67 | D        | Found a sacrificial altar of Ru.
   120 | D        | Became a worshipper of Cheibriados the Contemplative
   212 | D        | Noticed a giant frog
   212 | D        | Noticed a hound
   212 | D        | Noticed a killer bee
   212 | D        | Noticed an eye of draining
   212 | D        | Noticed a two-headed ogre
   212 | D        | Noticed a phantom
   220 | D        | Killed a giant frog
   220 | D        | Reached skill level 6 in Dodging
   220 | D        | Reached XP level 4. HP: 37/39 MP: 0/4
   236 | D        | Killed a hound
   236 | D        | Acquired Cheibriados's first power
   236 | D        | Reached skill level 7 in Dodging
   238 | D        | Killed a killer bee
   238 | D        | Reached skill level 8 in Dodging
   238 | D        | Reached XP level 5. HP: 31/45 MP: 1/5
   272 | D        | Killed an eye of draining
   272 | D        | Reached skill level 10 in Dodging
   272 | D        | Reached XP level 6. HP: 41/52 MP: 0/6
   276 | D        | Slain by a two-headed ogre

Vault maps used:
D:        linesprint

Action                   |  1- 3 |  4- 6 || total
-------------------------+-------+-------++-------
Melee: Dagger            |    38 |    54 ||    92
  Use: Potion            |     3 |       ||     3
 Stab: Sleeping          |     5 |       ||     5
       Invisible         |     1 |     2 ||     3
